 Dungeon Crawl Stone Soup version 0.24-a0-619-gb7544fd237 (webtiles) character file.

Game seed: 11916123170099984385, levelgen mode: deterministic

3371 Gargoyl the Chopper (level 9, 0/74 HPs)
             Began as a Centaur Abyssal Knight on Sept 18, 2019.
             Was an Elder of Lugonu.
             Slain by a warg (2 damage)
             ... on level 8 of the Dungeon.
             The game lasted 00:11:51 (8379 turns).

Gargoyl the Chopper (Centaur Abyssal Knight)        Turns: 8379, Time: 00:11:52

Health: 0/74       AC:  9    Str: 16    XL:     9   Next: 73%
Magic:  13/13      EV:  9    Int: 11    God:    Lugonu [****..]
Gold:   416        SH:  3    Dex: 11    Spells: 8/8 levels left

rFire    + . .     SeeInvis .   f - +1 broad axe
rCold    + . .     Gourm    .   w - +0 buckler
rNeg     . . .     Faith    .   u - +1 ring mail of Awe {rElec rPois}
rPois    +         Spirit   .   (no helmet)
rElec    +         Reflect  .   B - scarf {rC+ rF+}
rCorr    .         Harm     .   d - +0 pair of gloves
MR       .....                  (no barding)
Stlth    ..........             g - amulet of rage
HPRegen  0.22/turn              (no ring)
MPRegen  0.13/turn              (no ring)

@: berserk cooldown, slowed
A: large, hooves 3, deformed body, speed 2, tough skin 3
a: Depart the Abyss, Bend Space, Banish, Corrupt, Renounce Religion, Evoke
Berserk Rage


You were on level 8 of the Dungeon.
You worshipped Lugonu.
Lugonu was greatly pleased with you.
You were very hungry.

You visited 1 branch of the dungeon, and saw 8 of its levels.
You visited the Abyss 1 time.

You collected 416 gold pieces.

Inventory:

Hand Weapons
 a - a +1 hand axe
 f - a +1 broad axe (weapon)
Armour
 d - a +0 pair of gloves (worn)
 u - the +1 ring mail of Awe (worn) {rElec rPois}
   (You found it on level 4 of the Dungeon)

   It insulates you from electricity.
   It protects you from poison.
 w - a +0 buckler (worn)
 B - a scarf of resistance (worn)
Jewellery
 g - an amulet of rage (around neck)
Wands
 i - a wand of paralysis (3)
 v - a wand of disintegration (13)
 y - a wand of enslavement (8)
Scrolls
 e - a scroll of fog
 o - 2 scrolls of blinking {unknown}
 q - 2 scrolls of identify
 r - a scroll of magic mapping
 z - a scroll of remove curse
 A - 2 scrolls of fear
 C - 3 scrolls of teleportation
Potions
 b - a potion of berserk rage {unknown}
 h - 2 potions of lignification {unknown}
 j - 2 potions of resistance
 k - 4 potions of heal wounds
 l - 3 potions of curing
 m - a potion of might
 n - 2 potions of agility {unknown}
 p - 2 potions of brilliance {unknown}
 s - 2 potions of flight {unknown}
 t - a potion of haste
 x - a potion of invisibility {unknown}
Comestibles
 c - 5 rations
 D - 10 chunks of flesh


   Skills:
 + Level 5.2 Fighting
 + Level 6.8 Axes
 * Level 5.9 Armour
 * Level 3.8 Dodging
 + Level 0.8 Shields
 * Level 6.5 Invocations
 + Level 1.5 Evocations


You had 8 spell levels left.
You didn't know any spells.
Your spell library contained the following spells:

 Spells                   Type           Power        Failure   Level  Hunger
 Corona                   Hex            #......      65%         1    ##.....
 Ensorcelled Hibernation  Hex/Ice        #.....       78%         2    ###....
 Confuse                  Hex            #.......     95%         3    ####...
 Dazzling Spray           Conj/Hex       #.....       95%         3    ####...
 Tukima's Dance           Hex            #.......     95%         3    ####...


Dungeon Overview and Level Annotations

Branches:
Dungeon (8/15)             Temple (0/1) D:7
   Lair: D:8-11

Altars:
Gozag
Makhleb
Ru
Uskayaw
Zin
The Shining One

Shops:
D:4 *   D:8 *


Innate Abilities, Weirdness & Mutations

You have hooves in place of feet.
Armour fits poorly on your strangely shaped body.
You cover ground very quickly.
You have extremely tough skin. (AC +3)


Message History

Unknown command.
You barely miss the warg. You kick the warg.
The warg is severely wounded.
You slash the orc!
You kill the orc!
Lugonu accepts your kill.
You are no longer berserk.
You are exhausted.
You feel yourself slow down. The warg bites you.
The orc priest mumbles some strange prayers to Beogh against you.
Beogh smites you!
* * * LOW HITPOINT WARNING * * *
You hear a shout!
You hear a shout! x2
The orc priest calls down the wrath of Beogh upon you.
Beogh smites you!
* * * LOW HITPOINT WARNING * * *
The orc priest looks encouraged for a moment.
The warg bites you.
You die...

##.# .# . ... #.# ..
#.. #.# #..##.. #.#
#.....o ..#
#...oJ##.##
#)....####
###h.....# ##@###.#
##...# #..#.#
#.......# #.##...
#.......# #.# ####
....... ### #.#
##.....# ...#.#
.......## #.#.#
#.>.....####...#####


You could see a warg, a jelly, an orc priest and an orc.

Vanquished Creatures
  A two-headed ogre (D:8)
  Maurice (D:8)
  Grinder (D:6)
  Eustachio (D:5)
  An ice beast (D:7)
  Duvessa (D:5)
  An ogre (D:6)
  A phantom (D:4)
  2 centaurs
  2 bullfrogs
  Dowan (D:5)
  A scorpion (D:7)
  2 howler monkeys
  2 crimson imps (D:7)
  2 centaur skeletons
  3 hounds
  A jelly (D:8)
  3 centaur zombies
  4 bullfrog skeletons
  4 orc priests
  An iguana (D:8)
  Jessica (D:2)
  4 worker ants
  6 orc wizards
  3 gnolls (D:3)
  6 adders
  A shadow imp (D:5)
  2 oozes
  An adder zombie (D:5)
  2 worms
  2 dart slugs
  5 leopard geckos
  16 orcs
  9 bats
  5 giant cockroaches
  7 goblins
  7 hobgoblins
  7 jackals
  7 kobolds
  4 quokkas
  A ball python skeleton (D:4)
  7 frilled lizards
  A quokka skeleton (D:6)
  12 rats
152 creatures vanquished.

Vanquished Creatures (collateral kills)
  An ogre (D:7)
  A bullfrog (D:7)
  An adder (D:7)
3 creatures vanquished.

Grand Total: 155 creatures vanquished

Notes
Turn   | Place    | Note
-------+----------+-------------------------------------------
     0 | Abyss:1  | Gargoyl the Centaur Abyssal Knight began the quest for the
                  | Orb.
     0 | Abyss:1  | Reached XP level 1. HP: 19/19 MP: 2/2
    27 | Abyss:1  | Noticed a small abomination
    42 | Abyss:1  | Found a sacrificial altar of Ru.
   112 | Abyss:2  | Noticed a thrashing horror
   113 | D:1      | Escaped the Abyss
   315 | D:1      | Reached XP level 2. HP: 3/26 MP: 3/3
   804 | D:1      | Reached * piety under Lugonu
   972 | D:1      | Reached skill level 1 in Dodging
  1154 | D:1      | Reached XP level 3. HP: 31/31 MP: 4/4
  1496 | D:2      | Noticed Jessica
  1503 | D:2      | Killed Jessica
  1508 | D:2      | Reached XP level 4. HP: 37/40 MP: 5/5
  1609 | D:2      | Found a sacrificial altar of Ru.
  2264 | D:3      | Reached XP level 5. HP: 39/46 MP: 7/7
  2285 | D:3      | Reached ** piety under Lugonu
  2673 | D:3      | Found a burning altar of Makhleb.
  2959 | D:4      | Noticed a phantom
  2993 | D:4      | Killed a phantom
  2993 | D:4      | Reached XP level 6. HP: 36/52 MP: 8/8
  3278 | D:4      | Got a translucent ring mail
  3308 | D:4      | Identified the +1 ring mail of Awe {rElec rPois} (You found
                  | it on level 4 of the Dungeon)
  3310 | D:4      | Reached *** piety under Lugonu
  3327 | D:4      | Found Poquddof's Practical Paraphernalia.
  3739 | D:4      | Found a glowing silver altar of Zin.
  4011 | D:5      | Entered Level 5 of the Dungeon
  4084 | D:5      | Noticed Eustachio
  4093 | D:5      | Reached XP level 7. HP: 48/59 MP: 9/9
  4741 | D:5      | Noticed Dowan
  4743 | D:5      | Noticed Duvessa
  4752 | D:5      | Killed Duvessa
  4760 | D:5      | Killed Dowan
  5643 | D:5      | Killed Eustachio
  5750 | D:5      | Reached XP level 8. HP: 44/67 MP: 11/11
  6302 | D:6      | Noticed Grinder
  6314 | D:6      | Paralysed by Grinder for 7 turns
  6322 | D:6      | Killed Grinder
  6322 | D:6      | Reached skill level 5 in Axes
  6322 | D:6      | Reached skill level 5 in Invocations
  6373 | D:6      | Found a glowing golden altar of the Shining One.
  6511 | D:6      | Found an opulent altar of Gozag.
  6830 | D:6      | Found a hide-covered altar of Uskayaw.
  6830 | D:6      | Found a sacrificial altar of Ru.
  7288 | D:7      | Reached skill level 1 in Evocations
  7643 | D:7      | Reached XP level 9. HP: 67/73 MP: 13/13
  7767 | D:7      | Reached **** piety under Lugonu
  7943 | D:7      | Found a staircase to the Ecumenical Temple.
  8121 | D:8      | Found Haaleig's General Store.
  8121 | D:8      | Noticed Maurice
  8129 | D:8      | Paralysed by Maurice for 3 turns
  8134 | D:8      | Killed Maurice
  8134 | D:8      | Reached skill level 5 in Fighting
  8134 | D:8      | Reached skill level 5 in Armour
  8178 | D:8      | Noticed a two-headed ogre
  8195 | D:8      | Killed a two-headed ogre
  8378 | D:8      | HP: 2/74 [orc priest/divine providence (14)]
  8379 | D:8      | Slain by a warg

Levels and vault maps discovered:
D:1:      lemuel_arrival_cross, layout_basic,
          wander_ebering_terrifying_dragon_lair
D:2:      layout_basic, first_ration, nicolae_ru_great_annihilating_truth,
          uniq_jessica
D:3:      layout_loops_ring, bloody_makhleb
D:4:      layout_loops_ring, lemuel_crystal_altar, hangedman_decor_push,
          nicolae_alphabet_shops, minmay_misc_feat_iff, minmay_cut_off
D:5:      layout_basic, uniq_duvessa, uniq_eustachio
D:6:      layout_basic, tso_oasis_becter, grunt_gozag_breadcrumbs,
          gammafunk_temple_overflow_elements, minmay_strange_pillars,
          uniq_grinder
D:7:      layout_loops_ring, minmay_temple_entry_fiery
D:8:      layout_rooms, vehumet_altar_wand_db, erik_lair_orcish_takeover,
          serial_shops, shop_statue, nicolae_shop_crystal, shop,
          nicolae_shop_stone, nicolae_shop_statue_plus, uniq_prince_ribbit1,
          uniq_maurice

Skill      XL: |  1  2  3  4  5  6  7  8  9 |
---------------+----------------------------+-----
Dodging        | 1 2 3 |  3.8
Axes           | 2 3 4 5 6 |  6.8
Armour         | 2 3 4 5 |  5.9
Invocations    | 3 4 5 6 |  6.5
Fighting       | 4 5 |  5.2
Evocations     | 1 |  1.5
Shields        | |  0.8

Action                   |  1- 3 |  4- 6 |  7- 9 || total
-------------------------+-------+-------+-------++-------
Melee: Broad axe         |    80 |   180 |   233 ||   493
       Kick              |     8 |    34 |    50 ||    92
Invok: Depart the Abyss  |     1 |       |       ||     1
       Bend Space        |       |       |     1 ||     1
 Abil: Evoke Berserk Rag |       |     1 |     4 ||     5
Evoke: Wand              |       |       |     4 ||     4
  Use: Scroll            |     5 |     1 |     6 ||    12
       Potion            |     1 |       |     5 ||     6
  Eat: Chunk             |       |     8 |     8 ||    16
       Ration            |       |       |     2 ||     2
Armor: Leather armour    |    51 |    29 |       ||    80
       Scale mail        |       |    76 |       ||    76
       Ring mail         |       |    12 |   176 ||   188
Dodge: Dodged            |    56 |    72 |   178 ||   306
Block: Buckler           |       |       |    12 ||    12

Table legend:
 A = Non-vault XP
 B = Vault XP
 C = Vault XP percentage of total XP
 D = Non-vault monster count
 E = Vault monster count
 F = Vault count percentage of total count
                 A         B        C        D         E       F
            +---------+---------+-------+---------+---------+-------
      Total |    3532 |    1285 |  26.7 |     141 |      14 |   9.0
            +---------+---------+-------+---------+---------+-------
        D:1 |      40 |       3 |   7.0 |      22 |       1 |   4.3
        D:2 |      71 |      74 |  51.0 |      20 |       5 |  20.0
        D:3 |     149 |       0 |   0.0 |      24 |       0 |   0.0
        D:4 |     276 |       3 |   1.1 |      17 |       1 |   5.6
        D:5 |     488 |     415 |  46.0 |      22 |       3 |  12.0
        D:6 |     486 |     267 |  35.5 |      13 |       1 |   7.1
        D:7 |     818 |       0 |   0.0 |      13 |       0 |   0.0
        D:8 |    1204 |     523 |  30.3 |      10 |       3 |  23.1
            +---------+---------+-------+---------+---------+-------
